 Dungeon Sprint DCSS version 0.28-a0-1395-g4f6bc678fa (webtiles) character file.

Game seed: 18001019464971048466

3700000 HallandMoats the Conqueror (level 22, -97/212 HPs)
             Began as a Formicid Monk on Jan 5, 2022.
             Was the Champion of Makhleb.
             Annihilated by a destroyer (120 damage)
             ... in the Dungeon (Sprint VIII: "Arena of Blood").
             The game lasted 00:01:16 (37 turns).

HallandMoats the Conqueror (Formicid Monk)            Turns: 37, Time: 00:01:17

Health: -97/212    AC:  3    Str: 26    XL:     22   Next: 68%
Magic:  20/39      EV: 25    Int: 11    God:    Makhleb [******]
Gold:   0          SH:  0    Dex: 13    Spells: 47/47 levels left

rFire   . . .      SeeInvis +   f - +∞ Axe of Woe
rCold   . . .      Faith    .   (no shield)
rNeg    . . .      Spirit   .   b - +0 robe
rPois   .          Reflect  .   (helmet unavailable)
rElec   .          Harm     .   (no cloak)
rCorr   .          Rampage  .   (no gloves)
Will    ++...                   (no boots)
Stlth   +++++++++.              (no amulet)
HPRegen 0.45/turn               (no ring)
MPRegen 0.26/turn               (no ring)

@: no status effects
A: permanent stasis, dig shafts and tunnels, antennae 3, four strong arms
a: Dig, Renounce Religion, Minor Destruction, Lesser Servant of Makhleb, Major
Destruction, Greater Servant of Makhleb


You were in the Dungeon.
You worshipped Makhleb.
Makhleb was exalted by your worship.
You visited 1 branch

Inventory:

Hand Weapons
 a - a +0 hand axe
 f - the +∞ Axe of Woe (weapon)
   (You found it in the Dungeon)
Armour
 b - a +0 robe (worn)
Jewellery
 g - a +200 ring of slaying
Potions
 c - a potion of curing
 d - a potion of heal wounds
 e - 2 potions of magic


   Skills:
 O Level 27 Fighting
 + Level 13.4(15.2) Short Blades
 + Level 11.7(14.3) Long Blades
 O Level 27 Axes
 + Level 11.7(22.0) Maces & Flails
 + Level 11.7(22.0) Polearms
 + Level 11.8(15.5) Staves
 + Level 14.6(17.1) Slings
 + Level 11.4 Bows
 + Level 13.4 Crossbows
 + Level 13.4(15.7) Throwing
 + Level 14.6 Armour
 O Level 27 Dodging
 O Level 27 Stealth
 + Level 15.8 Shields
 + Level 13.5 Unarmed Combat
 + Level 13.4 Spellcasting
 + Level 12.4 Conjurations
 + Level 15.8 Hexes
 + Level 13.5 Summonings
 + Level 13.4 Necromancy
 + Level 12.4 Translocations
 + Level 14.6 Transmutations
 + Level 13.5 Fire Magic
 + Level 13.5 Ice Magic
 + Level 11.4 Air Magic
 + Level 15.8 Earth Magic
 + Level 17.1 Poison Magic
 + Level 15.8 Invocations
 + Level 14.6 Evocations


You had 47 spell levels left.
You didn't know any spells.
Your spell library was empty.

Dungeon Overview and Level Annotations

Branches:
Dungeon (1/1)

Altars:
Makhleb


Innate Abilities, Weirdness & Mutations

You cannot be hasted, slowed, berserked, paralysed or teleported.
You can dig through walls and to a lower floor.
You have a pair of large antennae on your head. (SInv)
Your four strong arms can wield two-handed weapons with a shield.


Message History

Your Unarmed Combat skill increases to level 13!
Your Spellcasting skill increases to level 13!
Your Conjurations skill increases to level 12!
Your Hexes skill increases to level 15!
Your Summonings skill increases to level 13!
Your Necromancy skill increases to level 13!
Your Translocations skill increases to level 12!
Your Transmutations skill increases to level 14!
Your Fire Magic skill increases to level 13!
Your Ice Magic skill increases to level 13!
Your Air Magic skill increases to level 11!
Your Earth Magic skill increases to level 15!
Your Poison Magic skill increases to level 16!
Your Invocations skill increases to level 15!
Your Evocations skill increases to level 14!
Unknown command.
The destroyer shouts!
You slice the destroyer!!
You pulverise the destroyer into a thin bloody mist.
You destroy the destroyer!
Makhleb accepts your kill.
You feel better.
You hear a shout! x2
The eight-headed meat hydra calls on the powers of darkness!
The eight-headed meat hydra convulses!
Your body is wracked with pain!
* * * LOW HITPOINT WARNING * * *
You hear a shout! x3
The destroyer points at you and mumbles some strange words.
The destroyer blinks!
You hear a shout!
Your Poison Magic skill increases to level 17!
Unknown command.
You hear a shout! x6
The eight-headed meat hydra calls on the powers of darkness!
The eight-headed meat hydra convulses!
Your body is wracked with pain!
* * * LOW HITPOINT WARNING * * *
You hear a shout!
The destroyer hits you with a +9 vorpal great sword!!!!
Ouch! That really hurt!
You die...

......#.....#....
.#......))_.......
........)###O.....
....###)))....###.
......#.))....#
......#.)§§)..#..
..V....)☼)§.......
#...D..)○☼§.......
....§..@☼)○......#
#.....V........##.
.....#........#..
..............#...
....##.#..........
... ...........
### ....#.....##
... ......


You could see an eight-headed meat hydra, 2 destroyers and a meat berserker
(berserk).

Vanquished Creatures
  5 vampire knights (D)
  12 ogres (D)
  2 two-headed ogres (D)
  A hydra (D)
  18 orcs (D)
  A skeletal warrior (D)
39 creatures vanquished.

Notes
Turn   | Place    | Note
-------+----------+-------------------------------------------
     0 | D        | Found the +∞ Axe of Woe
     0 | D        | HallandMoats the Formicid Monk began the quest for the Orb.
     0 | D        | Reached XP level 1. HP: 18/18 MP: 1/1
     2 | D        | Noticed a bag of meat
     3 | D        | Noticed a meat berserker
     3 | D        | Became a worshipper of Makhleb the Destroyer
     3 | D        | Reached * piety under Makhleb
     3 | D        | Reached ** piety under Makhleb
     5 | D        | Killed a meat berserker
     5 | D        | Noticed a bag of meat
     5 | D        | Noticed a bag of meat
     6 | D        | Reached skill level 15 in Dodging
     6 | D        | Reached XP level 2. HP: 49/49 MP: 2/2
     6 | D        | Reached XP level 3. HP: 55/55 MP: 3/3
     6 | D        | Reached XP level 4. HP: 63/63 MP: 4/4
     6 | D        | Reached XP level 5. HP: 69/69 MP: 5/5
     6 | D        | Reached XP level 6. HP: 76/76 MP: 6/6
     6 | D        | Reached XP level 7. HP: 83/83 MP: 7/7
     6 | D        | Reached XP level 8. HP: 90/90 MP: 8/8
     6 | D        | Reached XP level 9. HP: 96/96 MP: 9/9
     6 | D        | Reached XP level 10. HP: 104/104 MP: 10/10
     6 | D        | Reached XP level 11. HP: 110/110 MP: 11/11
     6 | D        | Reached XP level 12. HP: 117/117 MP: 12/12
     6 | D        | Noticed a meat berserker
     6 | D        | Noticed a bag of meat
     6 | D        | Noticed a meat berserker
     7 | D        | Killed a meat berserker
     7 | D        | Noticed a meat berserker
     8 | D        | Reached XP level 13. HP: 21/130 MP: 13/13
     8 | D        | Killed a bag of meat
     8 | D        | Killed a meat berserker
     8 | D        | Reached *** piety under Makhleb
     8 | D        | Noticed a bag of meat
     9 | D        | Reached XP level 14. HP: 52/144 MP: 14/14
     9 | D        | Noticed a bag of meat
     9 | D        | Noticed a bag of meat
     9 | D        | Noticed a bag of meat
     9 | D        | Noticed a bag of meat
     9 | D        | Noticed a bag of meat
     9 | D        | Noticed a bag of meat
    10 | D        | Noticed a bag of meat
    10 | D        | Noticed a bag of meat
    11 | D        | Noticed a bag of meat
    12 | D        | Killed a meat berserker
    12 | D        | Noticed a meat berserker
    13 | D        | Reached XP level 15. HP: 29/155 MP: 15/15
    14 | D        | Noticed a meat berserker
    14 | D        | Reached **** piety under Makhleb
    15 | D        | Reached skill level 27 in Fighting
    15 | D        | Reached XP level 16. HP: 25/167 MP: 16/16
    15 | D        | Reached ***** piety under Makhleb
    16 | D        | Reached skill level 27 in Axes
    17 | D        | Reached skill level 27 in Dodging
    17 | D        | Reached XP level 17. HP: 99/174 MP: 17/17
    17 | D        | Killed a meat berserker
    18 | D        | Reached skill level 27 in Stealth
    18 | D        | Killed a meat berserker
    18 | D        | Noticed a meat berserker
    19 | D        | Reached skill level 5 in Poison Magic
    19 | D        | Reached XP level 18. HP: 180/182 MP: 17/23
    19 | D        | Reached ****** piety under Makhleb
    19 | D        | Noticed a meat berserker
    20 | D        | Reached skill level 5 in Shields
    20 | D        | Reached skill level 5 in Hexes
    20 | D        | Reached skill level 5 in Earth Magic
    20 | D        | Reached skill level 5 in Invocations
    20 | D        | Noticed a large bag of meat
    20 | D        | Noticed a destroyer
    20 | D        | Noticed a meat berserker
    21 | D        | Noticed a meat berserker
    21 | D        | Noticed a large bag of meat
    22 | D        | Killed a meat berserker
    22 | D        | Noticed a destroyer
    23 | D        | Reached skill level 5 in Short Blades
    23 | D        | Reached skill level 5 in Slings
    23 | D        | Reached skill level 5 in Crossbows
    23 | D        | Reached skill level 5 in Throwing
    23 | D        | Reached skill level 5 in Armour
    23 | D        | Reached skill level 5 in Unarmed Combat
    23 | D        | Reached skill level 5 in Spellcasting
    23 | D        | Reached skill level 5 in Summonings
    23 | D        | Reached skill level 5 in Necromancy
    23 | D        | Reached skill level 5 in Transmutations
    23 | D        | Reached skill level 5 in Fire Magic
    23 | D        | Reached skill level 5 in Ice Magic
    23 | D        | Reached skill level 5 in Evocations
    23 | D        | Killed a meat berserker
    23 | D        | Noticed a meat berserker
    24 | D        | Reached skill level 5 in Long Blades
    24 | D        | Reached skill level 5 in Maces & Flails
    24 | D        | Reached skill level 5 in Polearms
    24 | D        | Reached skill level 5 in Staves
    24 | D        | Reached skill level 5 in Bows
    24 | D        | Reached skill level 5 in Conjurations
    24 | D        | Reached skill level 5 in Translocations
    24 | D        | Reached skill level 5 in Air Magic
    24 | D        | Reached XP level 19. HP: 189/189 MP: 17/28
    24 | D        | Noticed a meat berserker
    25 | D        | Killed a meat berserker
    25 | D        | Killed a meat berserker
    26 | D        | Reached skill level 10 in Shields
    26 | D        | Reached skill level 10 in Hexes
    26 | D        | Reached skill level 10 in Earth Magic
    26 | D        | Reached skill level 10 in Invocations
    26 | D        | Killed a destroyer
    27 | D        | Reached skill level 10 in Slings
    27 | D        | Reached skill level 10 in Armour
    27 | D        | Reached skill level 10 in Transmutations
    27 | D        | Reached skill level 10 in Evocations
    27 | D        | Reached XP level 20. HP: 197/197 MP: 18/33
    27 | D        | Noticed a destroyer
    28 | D        | Killed a meat berserker
    28 | D        | Killed a large bag of meat
    28 | D        | Noticed an eight-headed meat hydra
    29 | D        | Reached skill level 10 in Short Blades
    29 | D        | Reached skill level 10 in Crossbows
    29 | D        | Reached skill level 10 in Throwing
    29 | D        | Reached skill level 10 in Unarmed Combat
    29 | D        | Reached skill level 10 in Spellcasting
    29 | D        | Reached skill level 10 in Summonings
    29 | D        | Reached skill level 10 in Necromancy
    29 | D        | Reached skill level 10 in Fire Magic
    29 | D        | Reached skill level 10 in Ice Magic
    29 | D        | Reached XP level 21. HP: 180/204 MP: 18/35
    29 | D        | Noticed an eight-headed meat hydra
    29 | D        | Noticed a destroyer
    30 | D        | Killed a large bag of meat
    30 | D        | HP: 4/204 [meat berserker (37)]
    31 | D        | Reached skill level 10 in Conjurations
    31 | D        | Reached skill level 10 in Translocations
    31 | D        | Killed a destroyer
    31 | D        | Killed a meat berserker
    31 | D        | Noticed a destroyer
    32 | D        | Reached skill level 10 in Long Blades
    32 | D        | Reached skill level 10 in Maces & Flails
    32 | D        | Reached skill level 10 in Polearms
    32 | D        | Reached skill level 10 in Staves
    32 | D        | Reached skill level 15 in Poison Magic
    32 | D        | Killed a nine-headed meat hydra
    33 | D        | Reached skill level 10 in Bows
    33 | D        | Reached skill level 10 in Air Magic
    33 | D        | Noticed a destroyer
    34 | D        | Killed a destroyer
    35 | D        | Reached XP level 22. HP: 53/212 MP: 19/38
    35 | D        | Killed a destroyer
    35 | D        | Noticed a destroyer
    35 | D        | Noticed a meat berserker
    36 | D        | Reached skill level 15 in Shields
    36 | D        | Reached skill level 15 in Hexes
    36 | D        | Reached skill level 15 in Earth Magic
    36 | D        | Reached skill level 15 in Invocations
    36 | D        | Killed a destroyer
    37 | D        | Annihilated by a destroyer

Illustrated notes

Levels and vault maps discovered:
D:        meatsprint

Skill      XL: |  1  2  3  4  5  6  7  8  9 10 11 12 13 14 15 16 17 18 19 20 21 22 |
---------------+-------------------------------------------------------------------+-----
Fighting       | 18 21 23 25 27 | 27.0
Axes           | 17 20 23 24 26 27 | 27.0
Dodging        | 15 17 19 20 22 27 | 27.0
Stealth        | 8 9 11 12 18 27 | 27.0
Short Blades   | 3 6 9 10 12 13 | 13.4
Long Blades    | 3 5 8 9 10 11 | 11.7
Maces & Flails | 3 5 8 9 10 11 | 11.7
Polearms       | 3 5 8 9 10 11 | 11.7
Staves         | 3 5 8 9 10 11 | 11.8
Slings         | 4 7 10 11 13 14 | 14.6
Bows           | 3 5 7 9 10 11 | 11.4
Crossbows      | 3 6 9 10 12 13 | 13.4
Throwing       | 3 6 9 10 12 13 | 13.4
Armour         | 4 7 10 11 13 14 | 14.6
Shields        | 4 7 11 12 14 15 | 15.8
Unarmed Combat | 3 6 9 10 12 13 | 13.5
Spellcasting   | 3 6 9 10 12 13 | 13.4
Conjurations   | 3 5 8 9 11 12 | 12.4
Hexes          | 4 7 11 12 14 15 | 15.8
Summonings     | 3 6 9 10 12 13 | 13.5
Necromancy     | 3 6 9 10 12 13 | 13.4
Translocations | 3 5 8 9 11 12 | 12.4
Transmutations | 4 7 10 11 13 14 | 14.6
Fire Magic     | 3 6 9 10 12 13 | 13.5
Ice Magic      | 3 6 9 10 12 13 | 13.5
Air Magic      | 3 5 7 9 10 11 | 11.4
Earth Magic    | 4 7 11 12 14 15 | 15.8
Poison Magic   | 5 8 12 13 15 17 | 17.1
Invocations    | 4 7 11 12 14 15 | 15.8
Evocations     | 4 7 10 11 13 14 | 14.6

Action                   |  1- 3 |  4- 6 |  7- 9 | 10-12 | 13-15 | 16-18 | 19-21 | 22-24 || total
-------------------------+-------+-------+-------+-------+-------+-------+-------+-------++-------
Melee: Executioner's axe |     1 |       |       |     1 |     3 |     7 |     7 |     2 ||    21

Table legend: (Time is in decaauts)
 A = Elapsed time spent in this place.
 B = Non-inter-level travel time spent in this place.
 C = Inter-level travel time spent in this place.
 D = Time resting spent in this place.
 E = Time spent auto-exploring this place.
 F = Levels seen in this place.
 G = Mean time per level.
                   A        B        C        D        E       F      G
               +--------+--------+--------+--------+--------+-----+--------+
         Total |     31 |     31 |      0 |      0 |      0 |   1 |   31.0 |
       Dungeon |     31 |     31 |      0 |      0 |      0 |   1 |   31.0 |
               +--------+--------+--------+--------+--------+-----+--------+

Top non-repeatable levels by time:
       D: 31 daAuts
